 Dungeon Crawl Stone Soup version 0.30-a0-272-gf98c3da03f (webtiles) character file.

Game seed: 7777190143502176921

1037 lunkers the Grappler (level 8, 0/57 HPs)
             Began as a Meteoran Wanderer on Oct 16, 2022.
             Was a Believer of Wu Jian.
             Slain by a gnoll sergeant
             ... wielding a +2 spear of freezing
              (2 damage)
             ... on level 7 of the Dungeon.
             The game lasted 00:07:21 (1581 turns).

lunkers the Grappler (Meteoran Wanderer)            Turns: 1581, Time: 00:07:22

Health: 0/57       AC:  4    Str: 16    XL:     8   Next: 77%
Magic:  0/9        EV: 11    Int: 14    God:    Wu Jian [**....]
Gold:   149        SH:  0    Dex: 13    Spells: 2/7 levels left

rFire   + . .      SeeInvis .      - Unarmed
rCold   . . .      Faith    .    (no shield)
rNeg    . . .      Spirit   +    f - +0 leather armour
rPois   .          Reflect  .    (no helmet)
rElec   .          Harm     .    (no cloak)
rCorr   .          Rampage  .    q - +0 pair of gloves
Will    +....                    (no boots)
Stlth   +.........               r - amulet of guardian spirit
HPRegen 0.29/turn                g - ring of protection from fire
MPRegen 0.11/turn                (no ring)

@: glowing
A: sense surroundings 1, otherworldly, glowing, explore regen
a: Renounce Religion, Wall Jump


You were on level 7 of the Dungeon.
You worshipped Wu Jian.
Wu Jian was pleased with you.
You visited 1 branch of the dungeon, and saw 7 of its levels.

You collected 149 gold pieces.

Inventory:

Hand Weapons
 a - a +3 dagger of freezing
Missiles
 b - 2 curare-tipped darts
Armour
 f - a +0 leather armour (worn)
 q - a +0 pair of gloves (worn)
Jewellery
 g - a ring of protection from fire (left hand)
 r - an amulet of guardian spirit (around neck)
Wands
 m - a wand of polymorph (7)
 n - a wand of iceblast (7)
 u - a wand of flame (18)
Scrolls
 c - 2 scrolls of silence
 l - a scroll of poison
Potions
 d - a potion of attraction
 e - a potion of heal wounds
 i - a potion of invisibility
 j - 2 potions of flight
 k - a potion of ambrosia
 w - 2 potions of curing
 x - a potion of mutation {unknown}


   Skills:
 - Level 1.3 Short Blades
 - Level 3.6 Throwing
 - Level 2.4 Armour
 - Level 1.2 Dodging
 + Level 11.4 Unarmed Combat
 + Level 3.2 Transmutations


You had 2 spell levels left.
You knew the following spells:

 Your Spells              Type           Power      Damage    Failure   Level
b - Blade Hands           Tmut           4%         N/A       94%         5

Your spell library contained the following spells:

 Spells                   Type           Power      Damage    Failure   Level
 Cigotuvi's Dreadful Rot  Necr/Pois/Air  0%         N/A       45%         2
 Poisonous Vapours        Pois/Air       0%         N/A       45%         2
 Mephitic Cloud           Conj/Pois/Air  0%         N/A       71%         3
 Portal Projectile        Hex/Tloc       0%         N/A       71%         3
 Tukima's Dance           Hex            0%         N/A       71%         3


Dungeon Overview and Level Annotations

Branches:
Dungeon (7/15) Zot: 2652   Temple (0/1) D:6

Altars:
Cheibriados
Wu Jian
Yredelemnul

Annotations:
D:4 1 runed translucent door, Crazy Yiuf, Pikel
D:6 3 runed translucent doors, dracfodder's ghost, novice DrCj


Innate Abilities, Weirdness & Mutations

You passively map a small area around you.
You are easily found by Zot.
You glow in the dark.
You regain HP and MP as you explore.


Message History

The gnoll barely misses you. The gnoll closely misses you.
The gnoll sergeant closely misses you.
Items here: ))) †.
You punch the gnoll sergeant!
The gnoll sergeant is moderately wounded.
The gnoll hits you from afar with a +0 spear.
* * * LOW HITPOINT WARNING * * *
The gnoll barely misses you.
The gnoll sergeant hits you with a +2 spear of freezing.
* * * LOW HITPOINT WARNING * * *
The gnoll sergeant freezes you.
* * * LOW HITPOINT WARNING * * *
Aiming: Wall Jump
Press: ? - help, Dir - move target You repeatedly attack the gnoll from above.
You punch the gnoll!
The gnoll is severely wounded.
You punch the gnoll!
You kill the gnoll!
The Council accepts your kill.
You repeatedly attack the gnoll from above.
You punch the gnoll! You punch the gnoll, but do no damage.
The gnoll is heavily wounded.
You hit the gnoll.
The gnoll is severely wounded.
The gnoll hits you with a +0 spear.
* * * LOW HITPOINT WARNING * * *
The gnoll sergeant hits you from afar with a +2 spear of freezing!
* * * LOW MAGIC WARNING * * *
* * * LOW HITPOINT WARNING * * *
The gnoll sergeant freezes you.
* * * LOW HITPOINT WARNING * * *
The gnoll hits you but does no damage.
The gnoll sergeant hits you but does no damage.
You closely miss the gnoll.
The gnoll is severely wounded.
The gnoll completely misses you.
The gnoll sergeant hits you from afar with a +2 spear of freezing.
* * * LOW MAGIC WARNING * * *
You die...

* .# , .#
*.# .#
###.# ,
##...
####..°##
+....°@g##
,,
#......)g#
* ,
#.###.##)#
, #.*#.#
*#. #.# *
, ..*#.# ,
.# #.# *
.. ,..# ,
, ###


You could see a gnoll sergeant and a gnoll.

Vanquished Creatures
  2 water moccasins (D:6)
  A black bear (D:5)
  An ice beast (D:6)
  An ogre (D:4)
  A centaur (D:5)
  A scorpion (D:4)
  2 hounds
  Jessica (D:2)
  2 iguanas (D:5)
  2 orc wizards (D:5)
  7 adders
  11 gnolls
  An ufetubus (D:5)
  A worm (D:2)
  A dart slug (D:2)
  8 orcs
  3 endoplasms
  2 giant cockroaches (D:3)
  3 goblins
  3 hobgoblins
  3 jackals (D:3)
  3 quokkas
  4 ball pythons
  A bat (D:3)
  3 frilled lizards (D:2)
  3 kobolds
  A rat (D:2)
72 creatures vanquished.

Notes
Turn   | Place    | Note
-------+----------+-------------------------------------------
     0 | D:1      | lunkers the Meteoran Wanderer began the quest for the Orb.
     0 | D:1      | lunkers set off with the following items: a +2 dagger, 2
                  | curare-tipped darts, a scroll of silence, a potion of
                  | attraction, a potion of heal wounds, a +0 leather armour.
     0 | D:1      | Reached XP level 1. HP: 14/14 MP: 2/2
   175 | D:1      | Reached skill level 1 in Short Blades
   187 | D:1      | Reached XP level 2. HP: 20/20 MP: 3/3
   241 | D:2      | Noticed Jessica
   250 | D:2      | Killed Jessica
   251 | D:2      | Reached skill level 5 in Unarmed Combat
   251 | D:2      | Reached XP level 3. HP: 14/26 MP: 4/4
   353 | D:2      | Found an ornate altar of the Wu Jian Council.
   384 | D:2      | Became a worshipper of the Wu Jian Council
   524 | D:2      | Reached skill level 6 in Unarmed Combat
   524 | D:2      | Reached XP level 4. HP: 8/33 MP: 5/5
   788 | D:4      | Reached XP level 5. HP: 38/38 MP: 6/6
   795 | D:4      | Noticed an ogre
   809 | D:4      | Reached * piety under Wu Jian
   810 | D:4      | Reached skill level 7 in Unarmed Combat
   824 | D:3      | Reached XP level 6. HP: 19/45 MP: 2/7
   870 | D:4      | Found a runed translucent door.
   871 | D:4      | Noticed Crazy Yiuf
   915 | D:4      | Killed an ogre
   916 | D:4      | Reached skill level 8 in Unarmed Combat
  1014 | D:4      | Noticed Pikel
  1034 | D:5      | Entered Level 5 of the Dungeon
  1050 | D:5      | Learned a level 5 spell: Blade Hands
  1071 | D:5      | Reached XP level 7. HP: 49/50 MP: 6/8
  1086 | D:5      | Found a basalt altar of Yredelemnul.
  1164 | D:5      | Reached skill level 9 in Unarmed Combat
  1268 | D:5      | Reached skill level 10 in Unarmed Combat
  1268 | D:5      | Reached XP level 8. HP: 55/57 MP: 9/9
  1278 | D:5      | Found a runed translucent door.
  1292 | D:5      | Reached ** piety under Wu Jian
  1336 | D:6      | Found a snail-covered altar of Cheibriados.
  1409 | D:6      | Found a runed translucent gate.
  1410 | D:6      | Found a runed translucent gate.
  1411 | D:6      | Found a runed translucent gate.
  1411 | D:6      | Noticed a wraith
  1411 | D:6      | Noticed dracfodder's ghost (novice DrCj)
  1437 | D:6      | Reached skill level 11 in Unarmed Combat
  1437 | D:6      | Reached skill level 1 in Transmutations
  1451 | D:6      | Found a staircase to the Ecumenical Temple.
  1580 | D:7      | HP: 2/57 [gnoll sergeant/+2 spear of freezing (9)]
  1581 | D:7      | Slain by a gnoll sergeant

Illustrated notes

Levels and vault maps discovered:
D:1:      minmay_arrival_checkered_box, layout_basic
D:2:      layout_loops_ring, basic_altar, nicolae_figureground_sparkle,
          uniq_jessica
D:3:      layout_rooms, grunt_ministairs_8, amcnicky_mini_pool_small
D:4:      minmay_chambers_of_twos, layout_loops_ring,
          mainiacjoe_overflow_divided_tiny, uniq_crazy_yiuf_cottage, uniq_pikel
D:5:      cheibrodos_helix_gallery, layout_rooms, mainiacjoe_overflow_chevrons,
          lightli_church_of_beogh
D:6:      layout_basic, cheibriados_altar_1, minmay_temple_entry_ruins,
          gammafunk_ghost_split
D:7:      layout_loops_corners, fedhas_bush_and_centaur_altar,
          nicolae_underground_beach, uniq_maggie

Skill      XL: |  1  2  3  4  5  6  7  8 |
---------------+-------------------------+-----
Short Blades   | 1 |  1.3
Unarmed Combat | 5 6 7 8 10 11 | 11.4
Transmutations | 3 |  3.2
Throwing       | |  3.6
Armour         | |  2.4
Dodging        | |  1.2

Action                   |  1- 3 |  4- 6 |  7- 9 || total
-------------------------+-------+-------+-------++-------
Melee: Dagger            |     7 |       |       ||     7
       Unarmed           |    43 |   117 |   139 ||   299
       Punch             |     3 |     5 |     5 ||    13
Invok: Lunge             |     1 |     7 |     9 ||    17
       Whirlwind         |       |     1 |     2 ||     3
 Abil: Wall Jump         |       |       |     1 ||     1
Evoke: Wand              |       |     4 |       ||     4
  Use: Scroll            |       |    13 |     1 ||    14
       Potion            |       |     1 |       ||     1
Armor: Leather armour    |     4 |    27 |    34 ||    65
Dodge: Dodged            |    15 |    43 |    56 ||   114

Table legend: (Time is in decaauts)
 A = Elapsed time spent in this place.
 B = Non-inter-level travel time spent in this place.
 C = Inter-level travel time spent in this place.
 D = Time resting spent in this place.
 E = Time spent auto-exploring this place.
 F = Levels seen in this place.
 G = Mean time per level.
                   A        B        C        D        E       F      G
               +--------+--------+--------+--------+--------+-----+--------+
         Total |   1546 |   1514 |     32 |      0 |    692 |   7 |  220.9 |
       Dungeon |   1546 |   1514 |     32 |      0 |    692 |   7 |  220.9 |
               +--------+--------+--------+--------+--------+-----+--------+

Top non-repeatable levels by time:
     D:2: 393 daAuts
     D:5: 272 daAuts
     D:4: 255 daAuts
     D:1: 237 daAuts
     D:6: 220 daAuts
     D:3: 150 daAuts
     D:7: 16 daAuts
